 Dungeon Crawl Stone Soup version 0.16.2-12-gd0ad4c3 (webtiles) character file.

20073 faibistes the Thaumaturge (level 12, 0/64 HPs)
             Began as a Deep Elf Wizard on Oct 3, 2018.
             Was the Champion of Sif Muna.
             Killed from afar by Harold (28 damage)
             ... with a bolt of fire
             ... on level 3 of the Lair of Beasts.
             The game lasted 01:03:58 (22257 turns).

faibistes the Thaumaturge (Deep Elf Wizard)        Turns: 22257, Time: 01:03:58

Health: 0/64       AC:  7    Str:  4    XL:     12   Next: 42%
Magic:  15/35      EV: 17    Int: 29    God:    Sif Muna [******]
Gold:   292        SH:  0    Dex: 15    Spells: 9 memorised, 8 levels left

rFire  . . .     SeeInvis .     w - +9 dagger (venom)
rCold  + . .     Clarity  .     a - +0 robe
rNeg   . . .     SustAb   .     (no shield)
rPois  .         Gourm    .     b - +0 hat
rElec  .         Spirit   .     n - +0 cloak
rCorr  .         Warding  .     (no gloves)
rMut   .         Stasis   .     I - +1 pair of boots
MR     +....                    (no amulet)
Stlth  ++........               Q - +6 ring of slaying
                                v - ring of protection from cold

@: somewhat resistant to hostile enchantments, unstealthy
A: agile 1, shaggy fur 2
a: Channel Energy, Forget Spell, Renounce Religion


You were on level 3 of the Lair of Beasts.
You worshipped Sif Muna.
Sif Muna was exalted by your worship.
You were hungry.

You visited 3 branches of the dungeon, and saw 16 of its levels.
You also visited: Bailey.

You collected 1348 gold pieces.
You spent 1056 gold pieces at shops.

Inventory:

Hand weapons
 j - a +0 club
 o - the +8 flail of Xenanut {flame, Str+4}
   (You found it on level 5 of the Dungeon)

   It has been specially enchanted to burn those struck by it, causing extra
   injury to most foes and up to half again as much damage against particularly
   susceptible opponents.
   It affects your strength (+4).
 w - a +9 dagger of venom (weapon)
 J - the +2 halberd "Conuytun" {chop, -Tele rElec MP+9}
   (You took it off a centaur on level 6 of the Dungeon)

   It inflicts extra damage upon your enemies.
   It insulates you from electricity.
   It affects your magic capacity (+9).
   It prevents most forms of teleportation.
 P - the +0 whip of Cruel Justice {elec, MR- Dex+7}
   (You found it on level 9 of the Dungeon)

   Occasionally, upon striking a foe, it will discharge some electrical energy
   and cause terrible harm.
   It affects your dexterity (+7).
   It affects your resistance to hostile enchantments.
Missiles
 e - 3 tomahawks of returning (quivered)
Armour
 a - a +0 robe (worn)
 b - a +0 hat (worn)
 n - a +0 cloak (worn)
 I - a +1 pair of boots (worn)
Jewellery
 v - a ring of protection from cold (left hand)
 x - an uncursed ring of invisibility
 Q - a +6 ring of slaying (right hand)
 V - an uncursed ring of ice
Magical devices
 m - a wand of fireball (4)
 y - a wand of flame (43)
 D - a wand of polymorph (12)
 K - a wand of digging (7)
 M - a wand of random effects (23)
 N - a wand of slowing (12)
 O - a wand of enslavement (9)
 R - a wand of cold (0)
 W - a wand of invisibility (4)
 X - a wand of slowing (43)
Scrolls
 c - a scroll of fear
 h - 2 scrolls of immolation
 p - 5 scrolls of teleportation
 t - 3 scrolls of remove curse
 A - a scroll of enchant weapon
 E - 3 scrolls of fog
 S - a scroll of blinking
 T - 2 scrolls of identify
Potions
 f - 2 potions of restore abilities
 g - a potion of lignification
 i - a potion of agility
 l - 3 potions of brilliance
 r - a potion of heal wounds
 s - 9 potions of curing
 u - 4 potions of invisibility
 z - 2 potions of flight
 C - 4 potions of haste
 F - a potion of magic
 G - a potion of might {unknown}
 L - a potion of berserk rage {unknown}
 U - a potion of ambrosia
Comestibles
 d - 5 bread rations
 k - 8 meat rations
 q - 9 slices of pizza
 B - 18 fruits


   Skills:
 + Level 3.5 Fighting
 + Level 7.6 Dodging
 - Level 2.4 Stealth
 * Level 12.1 Spellcasting
 + Level 7.9 Conjurations
 + Level 6.7 Charms
   Level 3.7 Summonings
 + Level 5.1 Translocations
 - Level 3.1 Transmutations
 * Level 7.3 Fire Magic
 - Level 3.4 Air Magic
 * Level 7.4 Earth Magic
 - Level 3.0 Poison Magic
 * Level 7.6 Invocations
 + Level 5.1 Evocations


You had 8 spell levels left.
You knew the following spells:

 Your Spells              Type           Power        Failure   Level  Hunger
a - Magic Dart            Conj           ####         1%          1    None
b - Conjure Flame         Conj/Fire      ######..     1%          3    None
c - Fulminant Prism       Conj/Hex       #####.....   10%         4    None
d - Blink                 Tloc           N/A          1%          2    None
e - Mephitic Cloud        Conj/Pois/Air  #####...     1%          3    None
f - Repel Missiles        Chrm/Air       #####.       1%          2    None
g - Passwall              Trmt/Erth      #####.....   1%          3    None
v - Bolt of Magma         Conj/Fire/Erth ######....   4%          5    ##.....
z - Iskenderun's Mystic   Conj           ######..     1%          4    None


Dungeon Overview and Level Annotations

Branches:
Dungeon (11/15)            Temple (1/1) D:5            Lair (4/8) D:10
    Orc (0/4) D:10
  Swamp: Lair:3-6    Shoals: Lair:3-6     Snake: Lair:3-6    Spider: Lair:3-6

Altars:
Ashenzari
Cheibriados
Dithmenos
Elyvilon
Fedhas
Gozag
Kikubaaqudgha
Makhleb
Nemelex Xobeh
Okawaru
Qazlal
Ru
Sif Muna
Trog
Vehumet
Xom
Yredelemnul
Zin
The Shining One

Shops:
D:8 (   D:10 !

Annotations:
Lair:3 Harold


Innate Abilities, Weirdness & Mutations

You are agile. (Dex +2)
You are covered in thick fur (AC +2).


Message History

Evoke which item? (* to show all) (? for menu, Esc to quit)
Zapping:
R - a wand of cold {zapped: 4} (will waste charges)
Press: ? - help, Shift-Dir - straight line, f/p - Harold
Aim: Harold, wielding a flail of holy wrath and wearing a ring mail (lightly wounded, unusually resistant)
The bolt of cold hits Harold.
Harold resists.
Harold is moderately wounded.
Evoking this partially-identified wand wasted a few charges.
Evoke which item? (* to show all) (? for menu, Esc to quit)
Zapping:
R - a wand of cold {zapped: 7} (will waste charges)
Press: ? - help, Shift-Dir - straight line, f/p - Harold
Aim: Harold, wielding a flail of holy wrath and wearing a ring mail (moderately wounded, unusually resistant)
The bolt of cold hits Harold.
Harold resists.
Harold is moderately wounded.
Evoking this partially-identified wand wasted a few charges.
Harold is no longer unusually resistant.
Harold closely misses you.
Unknown command.
Harold casts a spell at you. The bolt of fire hits you!
You die...

#...!##.# .... ...........#.
#..#....##.....##. ###.#..##.
#.#.....P#.....#.#. ..###
#t#.....+.......... .....
##§..(...##.....P.. ...# #
#P..r....#.......# . #..#
##(.#....#.....$.# .P ##..###
♣♣#..#######.......#.####.#...#.#
≈≈..(P#######.@.@................
≈...r............................
≈........§.......................
≈≈.....[.........................
≈P..(.............####.#..#......
≈♣#....####+.#....P# #.. ##...#.
♣###...# .###....# ( #...##
##...# . #...## ##...## ##....##
.. #.... #.....#


You could see Harold.

Vanquished Creatures
  Rupert (Lair:3)
  2 hydras
  2 death yaks (Lair:3)
  The ghost of casual the Ducker, an experienced NaSk (Bailey)
  2 orc knights (Bailey)
  Maurice (D:9)
  4 spiny frogs
  Psyche (D:8)
  A komodo dragon (Lair:2)
  2 two-headed ogres
  A basilisk (Lair:3)
  A spriggan (Lair:1)
  2 humans (D:7)
  A wyvern (D:4)
  Eustachio (D:4)
  Grum (D:9)
  2 hippogriffs
  21 yaks
  5 water moccasins
  Edmund (D:9)
  Menkaure (D:4)
  2 hungry ghosts
  6 wolves
  2 porcupines (Lair:3)
  5 orc warriors
  An ice beast (D:5)
  A necrophage (D:9)
  3 sky beasts
  A black bear (D:9)
  2 phantoms
  A wasp (D:9)
  2 ogres
  An eye of draining (D:10)
  7 crocodiles
  4 centaurs
  3 big kobolds (D:9)
  Sigmund (D:3)
  Duvessa (D:8)
  5 giant frogs
  3 scorpions
  8 killer bees
  4 wights (D:8)
  An electric eel (Lair:3)
  5 crimson imps
  Dowan (D:8)
  4 jellies
  12 orc wizards
  2 giant frog skeletons
  7 orc priests
  8 hounds
  8 worker ants
  Natasha (thrice) (D:3)
  8 iguanas
  2 killer bee zombies (D:9)
  8 sheep
  3 hound zombies
  2 hound skeletons
  Terence (D:2)
  A worker ant zombie (D:10)
  Robin (D:3)
  13 adders
  14 gnolls
  3 river rats
  2 shadow imps
  3 worms
  The ghost of faibistes the Magician, a weakling DEWz (D:3)
  10 giant geckos
  An ooze (D:1)
  46 orcs
  2 bat skeletons (D:4)
  4 giant cockroaches
  24 hobgoblins
  13 jackals
  2 ball pythons
  10 bats
  12 giant newts
  31 goblins
  36 kobolds
  9 quokkas
  16 rats
  2 ballistomycetes (D:9)
  A fungus (Lair:2)
  6 plants
455 creatures vanquished.

Vanquished Creatures (collateral kills)
  A goblin (D:3)
  A quokka (D:3)
  A kobold (D:3)
3 creatures vanquished.

Vanquished Creatures (others)
  9 fulminant prisms
  2 giant spores (D:9)
  3 fungi
  3 plants
17 creatures vanquished.

Grand Total: 475 creatures vanquished

Notes
Turn   | Place    | Note
--------------------------------------------------------------
     0 | D:1      | faibistes, the Deep Elf Wizard, began the quest for the Orb.
     0 | D:1      | Reached XP level 1. HP: 10/10 MP: 6/6
   270 | D:1      | Reached XP level 2. HP: 15/15 MP: 1/9
   343 | D:1      | Learned a level 2 spell: Blink
   346 | D:1      | Learned a level 2 spell: Call Imp
  1127 | D:1      | Reached skill level 5 in Spellcasting
  1479 | D:2      | Reached XP level 3. HP: 19/19 MP: 12/14
  1486 | D:2      | Learned a level 3 spell: Conjure Flame
  1490 | D:2      | Learned a level 3 spell: Mephitic Cloud
  2119 | D:3      | Noticed Robin
  2369 | D:2      | Reached XP level 4. HP: 7/24 MP: 2/17
  2505 | D:2      | Learned a level 2 spell: Repel Missiles
  2589 | D:3      | Killed Robin
  3327 | D:2      | Found a glowing silver altar of Zin.
  3496 | D:2      | Reached skill level 6 in Spellcasting
  3496 | D:2      | Reached XP level 5. HP: 25/28 MP: 13/20
  3835 | D:3      | Noticed Terence
  3835 | D:3      | Noticed Natasha
  3887 | D:2      | Killed Terence
  4042 | D:3      | Killed Natasha
  4236 | D:4      | Noticed a wyvern
  4261 | D:4      | Killed a wyvern
  4261 | D:4      | Reached skill level 7 in Spellcasting
  4261 | D:4      | Reached XP level 6. HP: 16/32 MP: 16/23
  4359 | D:2      | Found a deep blue altar of Sif Muna.
  4362 | D:2      | Became a worshipper of Sif Muna the Loreminder
  4616 | D:3      | Noticed Natasha
  4621 | D:3      | Killed Natasha
  4853 | D:3      | Noticed faibistes' ghost (weakling DEWz)
  5329 | D:3      | Killed faibistes' ghost
  5391 | D:3      | Noticed Natasha
  5392 | D:3      | Killed Natasha
  5485 | D:3      | Noticed Sigmund
  5540 | D:3      | Killed Sigmund
  5540 | D:3      | Reached skill level 1 in Fire Magic
  5540 | D:3      | Reached XP level 7. HP: 36/36 MP: 9/25
  5916 | D:3      | Reached skill level 1 in Air Magic
  5916 | D:3      | Reached skill level 1 in Poison Magic
  5941 | D:3      | Found a sacrificial altar of Ru.
  6686 | D:4      | Noticed Eustachio
  6706 | D:4      | Killed Eustachio
  7022 | D:5      | Entered Level 5 of the Dungeon
  7026 | D:5      | Acquired Sif Muna's first power
  7116 | D:4      | Learned a level 5 spell: Bolt of Magma
  7174 | D:4      | Noticed Menkaure
  7184 | D:4      | Killed Menkaure
  7184 | D:4      | Reached skill level 8 in Spellcasting
  7189 | D:4      | Reached XP level 8. HP: 34/41 MP: 14/27
  7419 | D:4      | Reached skill level 5 in Dodging
  7764 | D:4      | Reached skill level 1 in Earth Magic
  7844 | D:4      | Learned a level 4 spell: Iskenderun's Mystic Blast
  7880 | D:5      | Reached skill level 5 in Conjurations
  8052 | D:5      | Found a staircase to the Ecumenical Temple.
  8061 | Temple   | Entered the Ecumenical Temple
  8322 | D:5      | Acquired Sif Muna's second power
  9019 | D:6      | Found a glowing silver altar of Zin.
  9346 | D:5      | Learned a level 4 spell: Fulminant Prism
  9488 | D:5      | Got a crude flail
  9489 | D:5      | Identified the +8 flail of Xenanut {flame, Str+4} (You found it on level 5 of the Dungeon)
  9963 | D:6      | Reached XP level 9. HP: 45/45 MP: 25/29
 10366 | D:6      | Got a dazzling halberd
 10370 | D:6      | Identified the cursed +2 halberd "Conuytun" {chop, -Tele rElec MP+9} (You took it off a centaur on level 6 of the Dungeon)
 10742 | D:6      | Reached skill level 9 in Spellcasting
 11547 | D:7      | Found a glowing golden altar of the Shining One.
 11562 | D:7      | Found an iron altar of Okawaru.
 11576 | D:7      | Reached skill level 1 in Charms
 11576 | D:7      | Reached skill level 1 in Invocations
 11981 | D:8      | Noticed Duvessa
 11984 | D:8      | Noticed Dowan
 11989 | D:8      | Killed Dowan
 11994 | D:8      | Killed Duvessa
 12136 | D:8      | Reached skill level 1 in Fighting
 12359 | D:8      | Reached skill level 1 in Evocations
 12464 | D:9      | Noticed Grum
 12471 | D:9      | Acquired Sif Muna's third power
 12602 | D:9      | Killed Grum
 12720 | D:8      | Reached XP level 10. HP: 52/52 MP: 13/31
 13058 | D:8      | Noticed Psyche
 13067 | D:8      | Reached skill level 5 in Earth Magic
 13079 | D:8      | Found Teifoit Tir's Antique Weapon Boutique.
 13083 | D:8      | Killed Psyche
 13382 | D:8      | Noticed a two-headed ogre
 13386 | D:8      | Killed a two-headed ogre
 13386 | D:8      | Reached skill level 10 in Spellcasting
 13993 | D:9      | Noticed Maurice
 14100 | D:9      | Got a smoking whip
 14101 | D:9      | Identified the cursed +0 whip of Cruel Justice {elec, MR- Dex+7} (You found it on level 9 of the Dungeon)
 14106 | D:9      | Killed Maurice
 14262 | D:9      | Found a snail-covered altar of Cheibriados.
 14274 | D:9      | Gained mutation: You are covered in fur (AC +1). [potion of beneficial mutation]
 14441 | D:9      | Found a snail-covered altar of Cheibriados.
 14475 | D:9      | Noticed Edmund
 14482 | D:9      | Killed Edmund
 14513 | D:10     | Entered Level 10 of the Dungeon
 14660 | D:10     | Found a staircase to the Orcish Mines.
 14685 | D:10     | Found a flagged portal.
 14796 | Bailey   | Entered a bailey
 14814 | Bailey   | Noticed casual's ghost (experienced NaSk)
 14840 | Bailey   | Killed casual's ghost
 14840 | Bailey   | Reached skill level 5 in Fire Magic
 15039 | Bailey   | Noticed an orc knight
 15042 | Bailey   | Killed an orc knight
 15074 | Bailey   | Noticed an orc knight
 15078 | Bailey   | Killed an orc knight
 15078 | Bailey   | Reached skill level 5 in Invocations
 15329 | D:10     | Reached XP level 11. HP: 58/58 MP: 13/32
 15690 | D:9      | Reached skill level 5 in Charms
 15795 | D:9      | Reached skill level 11 in Spellcasting
 16050 | D:9      | Noticed a two-headed hydra
 16058 | D:9      | Killed a two-headed hydra
 17162 | D:10     | Found a staircase to the Lair.
 17242 | D:10     | Found Aclupyqiw's Distillery.
 17245 | D:10     | Bought a potion of beneficial mutation for 420 gold pieces
 17245 | D:10     | Bought a potion of ambrosia for 96 gold pieces
 17245 | D:10     | Gained mutation: You are agile. (Dex +2) [potion of beneficial mutation]
 17246 | D:10     | Bought a potion of beneficial mutation for 420 gold pieces
 17246 | D:10     | Bought a potion of haste for 120 gold pieces
 17246 | D:10     | Gained mutation: You are covered in thick fur (AC +2). [potion of beneficial mutation]
 17561 | Lair:1   | Entered Level 1 of the Lair of Beasts
 18657 | Lair:1   | Received a gift from Sif Muna
 18658 | Lair:1   | Identified Crekkop's Papyrus of Clay and Conjuration (Sif Muna gifted it to you on level 1 of the Lair of Beasts)
 18727 | Lair:1   | Learned a level 3 spell: Passwall
 19223 | Lair:1   | Reached skill level 1 in Transmutations
 20492 | Lair:3   | Noticed a five-headed hydra
 20502 | Lair:3   | Killed a five-headed hydra
 20502 | Lair:3   | Reached XP level 12. HP: 55/64 MP: 5/34
 21280 | Lair:3   | HP: 3/64 [death yak (18)]
 21546 | Lair:3   | Noticed Rupert
 21567 | Lair:3   | Killed Rupert
 21567 | Lair:3   | Reached skill level 12 in Spellcasting
 21567 | Lair:3   | Reached skill level 5 in Translocations
 21567 | Lair:3   | Reached skill level 5 in Evocations
 22220 | Lair:3   | Noticed Harold
 22257 | Lair:3   | Killed from afar by Harold

Action                   |  1- 3 |  4- 6 |  7- 9 | 10-12 || total
-------------------------+-------+-------+-------+-------++-------
Melee: Dagger            |     8 |    25 |    60 |   197 ||   290
       Halberd           |       |       |     1 |       ||     1
 Cast: Magic Dart        |    84 |   133 |   258 |   146 ||   621
       Blink             |     6 |     9 |     2 |    14 ||    31
       Mephitic Cloud    |     5 |    13 |    26 |    29 ||    73
       Conjure Flame     |     3 |     6 |    10 |    49 ||    68
       Repel Missiles    |       |     2 |     1 |     1 ||     4
       Call Imp          |       |     2 |       |       ||     2
       Iskenderun's Myst |       |       |    44 |    92 ||   136
       Bolt of Magma     |       |       |    20 |    59 ||    79
       Fulminant Prism   |       |       |     1 |     8 ||     9
Invok: Channel Energy    |       |       |       |     6 ||     6
Evoke: Wand              |       |       |     1 |     2 ||     3
  Use: Scroll            |       |     4 |    15 |    12 ||    31
       Potion            |       |     1 |       |     8 ||     9
 Stab: Confused          |     2 |     1 |     2 |     2 ||     7
       Sleeping          |       |     1 |       |     4 ||     5
  Eat: Chunk             |     5 |     9 |    25 |    34 ||    73
       Beef jerky        |       |       |     1 |     1 ||     2
